AoeStats
← Mr. Penis

QS Arena

503376519Analyzed
4v4 RM · 1mo ago on Aug 31, 2026· 32m 54s· 8 players
Game mode
Random Map
Map size
Large (8 player)
Population
200
Speed
Normal
Resources
Standard
Victory
Conquest
Starting age
Dark Age
Ending age
Imperial Age
RankedLock teamsTeams togetherTeam positionsShared explorationLock speedFull tech treeHidden civsTurbo modeCheats
Victory
Defeat
🇨🇳 Italians · China
1288
+16
🇨🇳 Berbers · China
1251
+18
🇨🇳 Armenians · China
1245
+18
🇸🇬 Burgundians · Singapore
1223
+19
🇰🇷 Britons · South Korea
1428
-24
🇯🇵 Poles · Japan
1274
-17
🇰🇷 Bohemians · South Korea
1266
-17
🇷🇺 Jurchens · Russia
1226
-15
claretta's skirt
4:22 Loom
6:57 Feudal Age
9:58 Fletching
17:41 Horse Collar
20:41 Castle Age
23:35 Double-Bit Axe
BaniWang
2:32 Loom
8:47 Feudal Age
9:31 Horse Collar
9:37 Double-Bit Axe
14:48 Castle Age
15:48 Bow Saw
15:56 Heavy Plow
16:46 Wheelbarrow
16:42 Fervor
22:35 Hand Cart
25:08 Imperial Age
23:59 Forging
23:50 Scale Mail Armor
23:23 Pikeman
24:04 Squires
25:15 Iron Casting
25:22 Halberdier
26:18 Chain Mail Armor
28:27 Chemistry
28:12 Plate Mail Armor
28:43 Blast Furnace
28:27 Treadmill Crane
33:18 Two-Man Saw
32:53 Fletching
33:04 Padded Archer Armor
32:29 Man-at-Arms
32:56 Arson
남조선사람
4:39 Loom
8:01 Feudal Age
12:01 Castle Age
10:30 Double-Bit Axe
10:39 Horse Collar
19:58 Fletching
30:11 Wheelbarrow
Mr. Penis
8:44 Feudal Age
13:20 Castle Age
11:04 Horse Collar
11:10 Double-Bit Axe
14:57 Bow Saw
16:09 Fervor
17:10 Heavy Plow
21:08 Gold Mining
22:56 Gold Shaft Mining
23:27 Stone Mining
24:57 Sanctity
25:11 Fortified Wall
26:01 Stone Shaft Mining
25:18 Loom
26:08 Wheelbarrow
25:18 Loom
25:19 Town Watch
29:14 Imperial Age
29:02 Hand Cart
28:47 Town Patrol
30:23 Coinage
29:54 Caravan
31:53 Two-Man Saw
31:25 Crop Rotation
32:40 Conscription
33:13 Siege Engineers
用爱感化队友
8:15 Feudal Age
12:26 Castle Age
11:18 Loom
29:20 Double-Bit Axe
30:52 Wheelbarrow
30:39 Gold Mining
30:39 Stone Mining
31:34 Fortified Wall
31:05 Treadmill Crane
31:57 Horse Collar
35:51 Imperial Age
33:48 Ballistics
精锐南林林林
4:39 Loom
8:37 Feudal Age
12:18 Castle Age
10:29 Double-Bit Axe
10:25 Horse Collar
11:01 Gold Mining
13:18 Bow Saw
13:38 Heavy Plow
16:17 Scale Mail Armor
20:48 Fervor
21:49 Chain Mail Armor
23:27 Wheelbarrow
24:41 Sanctity
27:37 Imperial Age
26:03 Hand Cart
25:33 Town Watch
26:11 Loom
26:37 Forging
26:38 Town Patrol
27:13 Gold Shaft Mining
26:29 Stone Mining
27:14 Squires
26:36 Man-at-Arms
27:01 Gambesons
27:21 Long Swordsman
28:30 Gambesons
28:31 Arson
28:59 Fereters
29:52 Plate Mail Armor
29:14 Two-Handed Swordsman
30:06 Champion
8316699
3:45 Double-Bit Axe
5:13 Horse Collar
8:49 Feudal Age
12:40 Castle Age
12:48 Scale Barding Armor
16:37 Bow Saw
16:06 Cavalier
16:48 Husbandry
20:31 Wheelbarrow
21:00 Husbandry
22:43 Husbandry
25:15 Forging
27:44 Two-Man Saw
26:36 Gold Mining
26:37 Stone Mining
29:12 Heavy Plow
29:48 Chain Barding Armor
30:04 Iron Casting
31:34 Crop Rotation
31:41 Gold Shaft Mining
32:11 Hand Cart
32:51 Stone Shaft Mining
32:31 Fortified Wall
missed and miss
8:46 Feudal Age
14:27 Castle Age
12:19 Double-Bit Axe
16:31 Bow Saw
17:58 Fletching
23:04 Bodkin Arrow
28:11 Wheelbarrow
28:11 Kasbah
30:55 Ballistics
31:38 Hand Cart
35:11 Imperial Age
Connection lost

Rejoining the realm…

Still unreachable

The connection could not be restored.

Session expired

The server has moved on; the page needs a fresh start.